 Dungeon Crawl Stone Soup version 0.20.1-1-g8b1a95d (webtiles) character file.

165 Edwards80 the Slasher (level 5, -1/47 HPs)
             Began as a Minotaur Berserker on Dec 26, 2017.
             Was a Believer of Trog.
             Slain by an orc priest
             ... wielding a cursed +0 falchion
              (4 damage)
             ... on level 2 of the Dungeon.
             The game lasted 00:05:12 (1339 turns).

Edwards80 the Slasher (Minotaur Berserker)          Turns: 1339, Time: 00:05:12

Health: -1/47      AC: 11    Str: 22    XL:     5   Next: 21%
Magic:  4/4        EV:  7    Int:  4    God:    Trog [**....]
Gold:   61         SH:  0    Dex: 10    Spells: 4/4 levels left

rFire    . . .     SeeInvis .   d - +0 dagger (curse)
rCold    . . .     Gourm    .   (no shield)
rNeg     . . .     Faith    .   j - +0 plate armour
rPois    .         Spirit   .   (helmet restricted)
rElec    .         Reflect  .   (no cloak)
rCorr    .         Harm     .   (no gloves)
MR       .....                  (no boots)
Stlth    ..........             (no amulet)
Regen    0.2/turn               (no ring)
MPRegen  0.1/turn               (no ring)

@: berserk cooldown, slowed, very slow
A: retaliatory headbutt, horns 2
a: Berserk, Trog's Hand, Burn Spellbooks, Renounce Religion


You were on level 2 of the Dungeon.
You worshipped Trog.
Trog was pleased with you.
You were not hungry.

You visited 1 branch of the dungeon, and saw 2 of its levels.

You collected 61 gold pieces.

Inventory:

Hand Weapons
 a - a +0 falchion
 d - a cursed +0 dagger (weapon)
Missiles
 g - 15 poisoned needles
Armour
 j - a +0 plate armour (worn)
Scrolls
 b - 2 scrolls of teleportation
 i - a scroll of identify
Potions
 e - a potion of agility
 h - a potion of brilliance
 m - a potion of heal wounds {unknown}
 n - a potion of curing
Comestibles
 c - 3 bread rations
 f - 6 chunks of flesh
 k - a royal jelly


   Skills:
 + Level 4.6 Fighting
 + Level 1.8(3.4) Short Blades
 + Level 5.0(5.2) Long Blades
 + Level 3.3 Armour
 + Level 3.1 Dodging


You had 4 spell levels left.
You didn't know any spells.

Dungeon Overview and Level Annotations

Branches:
Dungeon (2/15)

Altars:
Okawaru


Innate Abilities, Weirdness & Mutations

You reflexively headbutt those who attack you in melee.
You have a pair of horns on your head.


Message History

The orc wizard hits you but does no damage.
You hit the orc priest but do no damage.
The orc priest is severely wounded.
The orc priest hits you but does no damage.
The orc wizard hits you but does no damage.
The orc hits you but does no damage.
You hit the orc priest.
The orc priest is severely wounded.
The orc priest hits you but does no damage.
The orc wizard hits you but does no damage.
The orc hits you but does no damage.
You closely miss the orc priest.
The orc priest is severely wounded.
The orc wizard hits you but does no damage.
The orc priest hits you but does no damage.
The orc hits you but does no damage. The orc wizard casts a spell at you.
The puff of flame hits you!
The orc priest hits you with a falchion.
You die...

#....###........
####.###.#...#########.###
......###.#.###...........
####..# ###.##..#...#...#
...#####.#$..........#
#........#⌠..........# #
#..#####.#$....o.....#
...# #.##..#o†.#..# ##.#
#.###)@o.....#
#.#####..#########.#
#.(........†.......#
#########...######## #.#.#
#.#.# #.#.# #.#.. # #.###


You could see an orc priest, an orc wizard and an orc.

Vanquished Creatures
  An orc priest (D:2)
  Jessica (D:2)
  3 gnolls (D:2)
  3 adders (D:2)
  An ooze (D:1)
  2 dart slugs (D:1)
  2 leopard geckos
  4 orcs (D:2)
  A giant cockroach (D:2)
  A goblin (D:2)
  6 hobgoblins
  3 kobolds
  A ball python (D:1)
  3 bats
  3 frilled lizards (D:1)
  6 rats
41 creatures vanquished.

Notes
Turn   | Place    | Note
-------+----------+-------------------------------------------
     0 | D:1      | Edwards80 the Minotaur Berserker began the quest for the Orb.
     0 | D:1      | Reached XP level 1. HP: 19/19 MP: 0/0
   239 | D:1      | Reached XP level 2. HP: 27/27 MP: 1/1
   306 | D:1      | Reached skill level 4 in Long Blades
   734 | D:2      | Reached XP level 3. HP: 33/33 MP: 2/2
   800 | D:2      | Noticed Jessica
   808 | D:2      | Killed Jessica
   808 | D:2      | Reached XP level 4. HP: 24/41 MP: 3/3
  1172 | D:2      | Found an iron altar of Okawaru.
  1180 | D:2      | Reached skill level 1 in Short Blades
  1248 | D:2      | Reached skill level 5 in Long Blades
  1251 | D:2      | Reached ** piety under Trog
  1321 | D:2      | Reached XP level 5. HP: 47/47 MP: 4/4
  1335 | D:2      | HP: 2/47 [orc wizard/dagger (1)]
  1339 | D:2      | Slain by an orc priest

Skill      XL: |  1  2  3  4 |
---------------+-------------+-----
Long Blades    | 4 5 |  5.0
Fighting       | 4 |  4.6
Dodging        | 3 |  3.1
Short Blades   | 1 |  1.8
Armour         | 3 |  3.3

Action                   |  1- 3 |  4- 6 || total
-------------------------+-------+-------++-------
Melee: Falchion          |    11 |       ||    11
       Headbutt          |     9 |     6 ||    15
       Dagger            |    53 |    38 ||    91
Invok: Berserk           |       |     2 ||     2
  Use: Scroll            |     2 |     4 ||     6
  Eat: Meat ration       |       |     1 ||     1
Armor: Animal skin       |     9 |       ||     9
       Plate armour      |    11 |    49 ||    60
Dodge: Dodged            |    39 |    19 ||    58
       Rpst.: Falchion   |     2 |       ||     2
